 Dungeon Crawl Stone Soup version 0.24-a0-517-gd52e2fb918 (webtiles) character file.

Game seed: 967663763203952799

369 KristoblXynda the Charlatan (level 6, -3/47 HPs)
             Began as a Draconian Artificer on July 22, 2019.
             Slain by a mummy (9 damage)
             ... in an ossuary.
             The game lasted 00:06:14 (4400 turns).

KristoblXynda the Charlatan (Draconian Artificer)   Turns: 4400, Time: 00:06:14

Health: -3/47      AC:  6    Str: 14    XL:     6   Next: 41%
Magic:  9/9        EV: 13    Int: 14    God:
Gold:   145        SH:  0    Dex: 11    Spells: 5/5 levels left

rFire    . . .     SeeInvis .   s - +3 dagger (venom)
rCold    . . .     Gourm    .   (no shield)
rNeg     . . .     Faith    .   (armour unavailable)
rPois    .         Spirit   .   (helmet restricted)
rElec    .         Reflect  .   (no cloak)
rCorr    .         Harm     .   (no gloves)
MR       .....                  (no boots)
Stlth    ++........             (no amulet)
HPRegen  0.15/turn              (no ring)
MPRegen  0.11/turn              (no ring)

@: no status effects
A: unfitting armour, cold-blooded, AC +6
a: no special abilities


You were in an ossuary.
You were not hungry.

You visited 1 branch of the dungeon, and saw 4 of its levels.
You also visited: Ossuary.

You collected 145 gold pieces.

Inventory:

Hand Weapons
 s - a +3 dagger of venom (weapon)
Missiles
 j - a throwing net (quivered)
Wands
 b - a wand of flame (7)
 c - a wand of enslavement (14)
 d - a wand of random effects (11)
Scrolls
 g - a scroll of teleportation
 i - a scroll of immolation
 k - a scroll of enchant armour
 m - 2 scrolls of remove curse
 p - a scroll of enchant weapon
 q - a scroll of amnesia {unknown}
Potions
 a - a potion of brilliance {unknown}
 e - a potion of flight {unknown}
 h - 2 potions of curing
 l - 3 potions of magic {unknown}
 n - a potion of haste {unknown}
 o - 2 potions of might {unknown}
Comestibles
 f - 2 rations


   Skills:
 - Level 1.1 Fighting
 + Level 3.7 Short Blades
 + Level 3.8 Dodging
 + Level 1.2 Stealth
 + Level 4.8 Evocations


You had 5 spell levels left.
You didn't know any spells.
Your spell library was empty.

Dungeon Overview and Level Annotations

Branches:
Dungeon (4/15)
 Temple: D:4-7

Altars:
Elyvilon
Yredelemnul
Zin


Innate Abilities, Weirdness & Mutations

Your plain brown scales are hard. (AC +6)
You cannot fit into any form of body armour.
You are cold-blooded and may be slowed by cold attacks.


Message History

You hit the mummy but do no damage. You tail-slap the mummy.
The mummy is heavily damaged.
The mummy hits you!!
You barely miss the mummy.
The mummy is heavily damaged.
You hit the mummy.
The mummy is severely damaged.
The mummy hits you but does no damage.
You barely miss the mummy. You tail-slap the mummy.
The mummy is severely damaged.
You hit the mummy.
The mummy is almost destroyed.
The mummy hits you!
* * * LOW HITPOINT WARNING * * *
You hit the mummy but do no damage.
The mummy is almost destroyed.
You barely miss the mummy.
The mummy is almost destroyed.
The mummy hits you!
You die...

##+## ###...####
#+.'...'..# #+#
##..#...##^#
##.###..##''###'#
###...#..##.###
#.# #M@...'.#####
#.. ###...###
##.# ##.## #..#
#+# ##.##
##+###..#
#...#..##
+...'.## #...###
##.##


You could see a mummy.

Vanquished Creatures
  4 orc wizards (D:3)
  A worker ant (D:4)
  4 mummies (Ossuary)
  A worker ant zombie (D:2)
  2 gnolls (D:2)
  8 adders
  An ooze (D:1)
  3 worms
  7 leopard geckos
  5 orcs (D:3)
  6 bats
  3 giant cockroaches
  9 goblins
  11 hobgoblins
  5 jackals
  A quokka (D:3)
  2 goblin skeletons (Ossuary)
  6 kobolds
  A kobold skeleton (Ossuary)
  A quokka zombie (D:2)
  6 rats
87 creatures vanquished.

Vanquished Creatures (collateral kills)
  A gnoll (D:2)
  A dart slug (D:2)
  A goblin (D:2)
3 creatures vanquished.

Grand Total: 90 creatures vanquished

Notes
Turn   | Place    | Note
-------+----------+-------------------------------------------
     0 | D:1      | KristoblXynda the Draconian Artificer began the quest for
                  | the Orb.
     0 | D:1      | Reached XP level 1. HP: 16/16 MP: 3/3
    56 | D:1      | Reached skill level 1 in Stealth
   175 | D:1      | Reached XP level 2. HP: 8/23 MP: 4/4
   972 | D:1      | Reached XP level 3. HP: 27/28 MP: 5/5
  1622 | D:2      | Found a glowing silver altar of Zin.
  1636 | D:2      | Reached XP level 4. HP: 35/35 MP: 6/6
  2213 | D:3      | Reached skill level 4 in Evocations
  2338 | D:3      | Reached XP level 5. HP: 36/40 MP: 8/8
  3254 | D:3      | Reached XP level 6. HP: 30/47 MP: 9/9
  3355 | D:3      | Found a white marble altar of Elyvilon.
  3684 | D:4      | Found a basalt altar of Yredelemnul.
  3693 | D:4      | Found a sand-covered staircase.
  3706 | Ossuary  | Entered an ossuary
  4400 | Ossuary  | Slain by a mummy

Levels and vault maps discovered:
D:1:      denvon_arrival_planthouse, layout_basic, serial_park_tiny_2
D:2:      layout_basic, zin_treasury
D:3:      layout_basic, elyvilon_altar_1
D:4:      layout_gridville, kennysheep_mini, overflow_temple_1_default,
          nicolae_ossuary_entry_ruins
Ossuary:  ossuary_due_small_catacomb

Skill      XL: |  1  2  3  4  5 |
---------------+----------------+-----
Stealth        | 1 |  1.2
Dodging        | 2 3 |  3.8
Short Blades   | 2 3 |  3.7
Evocations     | 4 |  4.8
Fighting       | |  1.1

Action                   |  1- 3 |  4- 6 || total
-------------------------+-------+-------++-------
Melee: Short sword       |   129 |       ||   129
       Tailslap          |    13 |    13 ||    26
       Dagger            |     8 |   193 ||   201
Evoke: Wand              |     2 |    11 ||    13
  Use: Scroll            |     2 |     6 ||     8
       Potion            |       |     3 ||     3
 Stab: Sleeping          |     3 |     1 ||     4
  Eat: Chunk             |     2 |     6 ||     8
       Ration            |       |     1 ||     1
Armor: Skin              |    58 |    38 ||    96
Dodge: Dodged            |   114 |    98 ||   212

Table legend:
 A = Non-vault XP
 B = Vault XP
 C = Vault XP percentage of total XP
 D = Non-vault monster count
 E = Vault monster count
 F = Vault count percentage of total count
                 A         B        C        D         E       F
            +---------+---------+-------+---------+---------+-------
      Total |     453 |      75 |  14.2 |      83 |       7 |   7.8
            +---------+---------+-------+---------+---------+-------
        D:1 |      49 |       0 |   0.0 |      25 |       0 |   0.0
        D:2 |     115 |       0 |   0.0 |      27 |       0 |   0.0
        D:3 |     251 |       0 |   0.0 |      29 |       0 |   0.0
        D:4 |      38 |       0 |   0.0 |       2 |       0 |   0.0
    Ossuary |       0 |      75 | 100.0 |       0 |       7 | 100.0
            +---------+---------+-------+---------+---------+-------
